 Dungeon Crawl Stone Soup version 0.17-a0-2118-g63bad21 (webtiles) character file.

109 radek the Conjurer (level 4, -4/24 HPs)
             Began as a Deep Elf Conjurer on Oct 20, 2015.
             Slain by an ogre
             ... wielding a +0 giant club
              (28 damage)
             ... on level 3 of the Dungeon.
             The game lasted 00:07:31 (2684 turns).

radek the Conjurer (Deep Elf Conjurer)              Turns: 2684, Time: 00:07:31

Health: -4/24      AC:  2    Str:  6    XL:     4   Next: 59%
Magic:  5/10       EV: 13    Int: 20    God:
Gold:   178        SH:  0    Dex: 15    Spells: 1 memorised, 8 levels left

rFire  . . .     SeeInvis +     (no weapon)
rCold  . . .     Clarity  .     a - +0 robe
rNeg   . . .     SustAt   .     (no shield)
rPois  .         Gourm    .     (no helmet)
rElec  .         Spirit   .     (no cloak)
rCorr  .         Warding  .     (no gloves)
rMut   .         Stasis   .     (no boots)
MR     .....                    (no amulet)
Stlth  ++........               (no ring)
                                e - ring of see invisible

@: not resistant to hostile enchantments, unstealthy
A: no striking features
a: no special abilities


You were on level 3 of the Dungeon.
You were not hungry.

You visited 1 branch of the dungeon, and saw 3 of its levels.

You collected 178 gold pieces.

Inventory:

Hand Weapons
 t - a +0 great sword
Armour
 a - a +0 robe (worn)
Jewellery
 e - a ring of see invisible (left hand)
Scrolls
 f - a scroll of magic mapping {unknown}
 g - a scroll of identify {unknown}
 k - a scroll of amnesia {unknown}
 n - a scroll of immolation {unknown}
 r - a scroll of remove curse {unknown}
 s - a scroll of teleportation {unknown}
Potions
 h - a potion of resistance {unknown}
 i - a potion of brilliance {unknown}
 j - a potion of ambrosia {unknown}
 l - a potion of lignification {unknown}
 p - a potion of cancellation {unknown}
Books
 b - a book of Conjurations

   Spells                             Type                      Level
   a - Magic Dart                     Conjuration                  1
   b - Searing Ray                    Conjuration                  2
   c - Dazzling Spray                 Conjuration/Hexes            3
   d - Fulminant Prism                Conjuration/Hexes            4
   e - Iskenderun's Mystic Blast      Conjuration                  4
   f - Iskenderun's Battlesphere      Conjuration/Charms           5
Comestibles
 c - a bread ration
 d - a meat ration
 m - a slice of pizza


   Skills:
 - Level 2.4 Dodging
 - Level 2.4 Stealth
 - Level 3.0 Spellcasting
 + Level 6.6 Conjurations


You had 8 spell levels left.
You knew the following spells:

 Your Spells              Type           Power        Failure   Level  Hunger
a - Magic Dart            Conj           ####         1%          1    None


Dungeon Overview and Level Annotations

Branches:
Dungeon (3/15)

Altars:
Makhleb
Nemelex Xobeh

Annotations:
D:3 Grinder


Message History

Grinder gestures.
Grinder blinks!
Casting: Magic Dart
Confirm with . or Enter, or press ? or * to list all spells.
Aiming: Magic Dart
Press: ? - help, Shift-Dir - straight line, f/p - ogre
Aim: an ogre, wielding a giant club (moderately wounded)
The magic dart hits the ogre.
The ogre is moderately wounded.
The ogre misses you.
Casting: Magic Dart
Confirm with . or Enter, or press ? or * to list all spells.
Aiming: Magic Dart
Press: ? - help, Shift-Dir - straight line, f/p - ogre
Aim: an ogre, wielding a giant club (moderately wounded)
The magic dart hits the ogre.
The ogre is moderately wounded.
The ogre hits you with a giant club!!
Ouch! That really hurt!
You die...

##.######.#####.
#.......K.......
#..#.##.#(###.#.
## ###..#.##o#...#
... #.#....
#.#...... ...
#.#..####.#..o.<##
#..
#.#.#.....###.###
#..#..###.#### K<
#r.O@#.#.## ()#
#...####[## .)#
..... #.# .%..
#####.### ###
#....)..#####
###..........
#..........
#..........
#.<[..###..


You could see an ogre and a rat.

Vanquished Creatures
  3 adders
  2 gnolls (D:1)
  An ooze (D:2)
  2 worms (D:2)
  3 orcs (D:3)
  7 bats
  2 giant cockroaches (D:2)
  3 goblins (D:2)
  2 hobgoblins
  5 jackals (D:2)
  10 kobolds
  A ball python (D:1)
  2 giant geckos (D:2)
  2 giant newts (D:1)
  6 rats
51 creatures vanquished.

Notes
Turn   | Place    | Note
--------------------------------------------------------------
     0 | D:1      | radek the Deep Elf Conjurer began the quest for the Orb.
     0 | D:1      | Reached XP level 1. HP: 10/10 MP: 6/6
   149 | D:1      | Reached skill level 5 in Conjurations
   149 | D:1      | Reached XP level 2. HP: 15/15 MP: 2/8
   912 | D:1      | Reached XP level 3. HP: 19/19 MP: 6/9
  1443 | D:2      | Found a burning altar of Makhleb.
  1569 | D:2      | Reached skill level 6 in Conjurations
  1757 | D:2      | Reached XP level 4. HP: 24/24 MP: 5/10
  2137 | D:2      | Found a sparkling altar of Nemelex Xobeh.
  2679 | D:3      | Noticed Grinder
  2679 | D:3      | Noticed an ogre
  2684 | D:3      | Slain by an ogre

Vault maps used:
D:1:      nagdon_arrival_zigzag_paths
D:2:      lemuel_round_altar, lemuel_coloured_pillars_altar
D:3:      portal_sewer_entry_e, first_bread, kennysheep_another_room,
          serial_bayou_crossing, uniq_grinder

Action                   |  1- 3 |  4- 6 || total
-------------------------+-------+-------++-------
 Cast: Magic Dart        |    85 |    39 ||   124
  Eat: Chunk             |     2 |     2 ||     4
       Beef jerky        |       |     1 ||     1
